[ AOE2 MATCH · #482288872 ]
1v1 RMItalians vs Goths
Player's team · LOSS
Rival team · WIN
[ REPLAY ANALYSIS · EXTRACTED FROM THE RECORDED GAME ]
Feudal
11:39
Castle
31:34
Imperial
—
| APM avg | 15.8 |
| APM peak | 58 |
| eAPM avg | 10.2 |
| Villagers / military | 137 / 109 |
Focus
⚔️ 31.0% · 🌾 69.0%
Knight ×24 · Skirmisher ×23 · Militia ×21 · Genoese Crossbowman ×15 · Scout Cavalry ×12 · Archer ×9
Feudal
11:38
Castle
20:17
Imperial
73:25
| APM avg | 16.3 |
| APM peak | 63 |
| eAPM avg | 13.3 |
| Villagers / military | 106 / 218 |
Focus
⚔️ 32.8% · 🌾 67.2%
Huskarl ×157 · Spearman ×38 · Militia ×14 · Trebuchet (Packed) ×8 · Monk ×1
Match map
Initial resources + every placement click. Lines = walls · curves = elevation contours. ◆ gold · ⬟ stone · ● berries · ✦ relic · ◌ wall gap
Your base· Open — unwalled flank
Wildpokerman's base· Open — unwalled flank
Smoothed initial terrain · ◌ = detected wall gap · hover for details
Inputs per minute
— KİMKİ60 - - Wildpokerman
Build order — KİMKİ60
First 150 of 347 actions detected
| 0:12 | Build | House |
| 0:19 | Research | Loom |
| 0:19 | Create | Villager (Male) |
| 0:20 | Create | Villager (Male) |
| 0:20 | Create | Villager (Male) |
| 0:20 | Create | Villager (Male) |
| 0:20 | Create | Villager (Male) |
| 2:30 | Create | Villager (Male) |
| 2:30 | Create | Villager (Male) |
| 2:30 | Create | Villager (Male) |
| 2:57 | Build | House |
| 2:58 | Build | House |
| 3:26 | Create | Villager (Male) |
| 3:26 | Create | Villager (Male) |
| 3:26 | Create | Villager (Male) |
| 4:04 | Create | Villager (Male) |
| 4:04 | Create | Villager (Male) |
| 4:13 | Create | Villager (Male) |
| 4:13 | Create | Villager (Male) |
| 4:14 | Create | Villager (Male) |
| 4:45 | Build | Lumber Camp |
| 4:58 | Create | Villager (Male) |
| 4:58 | Create | Villager (Male) |
| 5:33 | Create | Villager (Male) |
| 5:35 | Create | Villager (Male) |
| 6:48 | Build | Mill |
| 6:59 | Create | Villager (Male) |
| 6:59 | Create | Villager (Male) |
| 7:00 | Create | Villager (Male) |
| 7:15 | Build | House |
| 7:19 | Build | House |
| 8:09 | Create | Villager (Male) |
| 8:22 | Create | Villager (Male) |
| 8:23 | Create | Villager (Male) |
| 9:06 | Research | Feudal Age |
| 9:18 | Build | Barracks |
| 9:59 | Build | Mining Camp |
| 10:28 | Create | Militia |
| 10:29 | Create | Militia |
| 10:29 | Create | Militia |
| 10:44 | Create | Militia |
| 10:48 | Create | Villager (Male) |
| 10:48 | Create | Villager (Male) |
| 11:22 | Build | Mining Camp |
| 11:30 | Build | Farm |
| 11:39 | Age | Feudal Age |
| 11:39 | Build | Farm |
| 11:44 | Research | Man-at-Arms (upgrade) |
| 12:00 | Build | Farm |
| 12:10 | Build | House |
| 12:15 | Build | House |
| 12:20 | Create | Villager (Male) |
| 12:21 | Create | Villager (Male) |
| 12:57 | Research | Arson |
| 13:21 | Build | Watch Tower |
| 13:34 | Create | Villager (Male) |
| 13:35 | Create | Villager (Male) |
| 13:59 | Build | Farm |
| 14:02 | Create | Villager (Male) |
| 14:21 | Build | Archery Range |
| 15:01 | Build | Watch Tower |
| 15:04 | Create | Skirmisher |
| 15:05 | Create | Skirmisher |
| 15:05 | Create | Skirmisher |
| 15:05 | Create | Skirmisher |
| 16:13 | Build | Watch Tower |
| 16:20 | Create | Archer |
| 16:20 | Create | Archer |
| 16:20 | Create | Archer |
| 16:21 | Create | Archer |
| 16:30 | Create | Militia |
| 16:31 | Create | Militia |
| 16:31 | Create | Militia |
| 16:32 | Create | Militia |
| 16:57 | Build | Watch Tower |
| 18:56 | Build | House |
| 19:15 | Build | House |
| 19:45 | Build | Watch Tower |
| 19:53 | Create | Militia |
| 19:53 | Create | Militia |
| 19:54 | Create | Militia |
| 19:54 | Create | Militia |
| 19:55 | Create | Militia |
| 19:55 | Create | Militia |
| 20:05 | Create | Villager (Male) |
| 20:05 | Create | Villager (Male) |
| 20:05 | Create | Villager (Male) |
| 20:14 | Create | Archer |
| 20:14 | Create | Archer |
| 20:14 | Create | Archer |
| 21:23 | Build | Watch Tower |
| 22:42 | Build | House |
| 22:42 | Build | House |
| 22:43 | Build | House |
| 22:43 | Build | House |
| 23:04 | Build | Farm |
| 23:06 | Build | Farm |
| 23:07 | Build | Farm |
| 24:01 | Build | Stable |
| 25:05 | Build | Mining Camp |
| 25:17 | Build | Farm |
| 25:42 | Build | Lumber Camp |
| 26:36 | Research | Castle Age |
| 27:53 | Build | Town Center |
| 28:54 | Research | Castle Age |
| 30:17 | Build | Farm |
| 30:17 | Build | Farm |
| 30:17 | Build | Farm |
| 30:18 | Build | Farm |
| 30:18 | Build | Farm |
| 30:18 | Build | Farm |
| 30:18 | Build | Farm |
| 30:19 | Build | Farm |
| 30:19 | Build | Farm |
| 30:59 | Create | Spearman |
| 31:00 | Create | Spearman |
| 31:34 | Age | Castle Age |
| 31:50 | Build | Castle |
| 31:56 | Research | Squires |
| 32:34 | Create | Knight |
| 32:34 | Create | Knight |
| 32:40 | Create | Scout Cavalry |
| 33:05 | Create | Villager (Male) |
| 33:05 | Create | Villager (Male) |
| 33:06 | Create | Villager (Male) |
| 33:31 | Build | Mining Camp |
| 35:22 | Create | Villager (Male) |
| 35:23 | Create | Villager (Male) |
| 35:23 | Create | Villager (Male) |
| 35:23 | Create | Villager (Male) |
| 36:01 | Build | Castle |
| 37:08 | Build | Mining Camp |
| 38:52 | Create | Archer |
| 38:52 | Create | Archer |
| 38:54 | Create | Skirmisher |
| 38:55 | Create | Skirmisher |
| 40:16 | Build | Castle |
| 41:09 | Create | Villager (Male) |
| 41:09 | Create | Villager (Male) |
| 41:09 | Create | Villager (Male) |
| 41:10 | Create | Villager (Male) |
| 41:10 | Create | Villager (Male) |
| 41:11 | Create | Villager (Male) |
| 41:24 | Build | Mining Camp |
| 44:56 | Build | Castle |
| 45:08 | Research | Bloodlines |
| 45:09 | Research | Husbandry |
| 45:13 | Create | Scout Cavalry |
| 45:13 | Create | Scout Cavalry |
| 45:14 | Create | Scout Cavalry |
Build order — Wildpokerman
First 150 of 409 actions detected
| 0:01 | Create | Villager (Male) |
| 0:02 | Create | Villager (Male) |
| 0:02 | Create | Villager (Male) |
| 0:02 | Create | Villager (Male) |
| 0:02 | Create | Villager (Male) |
| 0:06 | Build | House |
| 0:08 | Build | House |
| 0:13 | Research | Loom |
| 0:15 | Create | Villager (Male) ×4 |
| 3:23 | Create | Villager (Male) |
| 3:24 | Create | Villager (Male) |
| 4:10 | Create | Villager (Male) |
| 4:10 | Create | Villager (Male) |
| 4:11 | Create | Villager (Male) |
| 4:32 | Create | Villager (Male) |
| 4:32 | Create | Villager (Male) |
| 5:04 | Build | Lumber Camp |
| 5:13 | Create | Villager (Male) |
| 5:35 | Create | Villager (Male) |
| 5:35 | Create | Villager (Male) |
| 6:44 | Create | Villager (Male) |
| 6:44 | Create | Villager (Male) |
| 6:44 | Create | Villager (Male) |
| 6:45 | Create | Villager (Male) |
| 6:45 | Create | Villager (Male) |
| 6:45 | Create | Villager (Male) |
| 6:50 | Build | House |
| 7:51 | Build | Mining Camp |
| 9:01 | Build | Mill |
| 9:28 | Research | Feudal Age |
| 9:37 | Build | Barracks |
| 10:32 | Create | Villager (Male) |
| 11:01 | Create | Villager (Male) |
| 11:02 | Create | Villager (Male) |
| 11:08 | Build | House |
| 11:38 | Age | Feudal Age |
| 11:53 | Research | Wheelbarrow |
| 12:04 | Build | Mill |
| 12:16 | Build | Farm |
| 12:41 | Build | Farm |
| 12:48 | Research | Double-Bit Axe |
| 13:22 | Build | Blacksmith |
| 13:46 | Create | Villager (Male) |
| 13:57 | Build | Mining Camp |
| 14:35 | Create | Villager (Male) |
| 16:11 | Build | Mining Camp |
| 16:22 | Research | Town Watch |
| 16:47 | Build | Market |
| 16:54 | Build | Lumber Camp |
| 17:12 | Create | Villager (Male) |
| 17:36 | Research | Castle Age |
| 17:57 | Build | Watch Tower |
| 19:22 | Build | Mining Camp |
| 19:48 | Build | Lumber Camp |
| 20:17 | Age | Castle Age |
| 20:22 | Research | Scale Mail Armor |
| 22:34 | Build | Castle |
| 23:57 | Build | Lumber Camp |
| 24:17 | Create | Huskarl |
| 24:17 | Create | Huskarl |
| 24:18 | Create | Huskarl |
| 24:18 | Create | Huskarl |
| 25:26 | Build | Town Center |
| 26:20 | Build | Farm |
| 26:24 | Build | Farm |
| 26:27 | Build | Farm |
| 26:30 | Build | Farm |
| 26:34 | Create | Villager (Male) |
| 26:35 | Create | Villager (Male) |
| 26:35 | Create | Villager (Male) |
| 26:45 | Build | Farm |
| 26:50 | Build | Farm |
| 26:57 | Build | Farm |
| 27:29 | Build | Farm |
| 27:35 | Build | Mining Camp |
| 27:54 | Build | Barracks |
| 28:04 | Create | Villager (Male) |
| 28:04 | Create | Villager (Male) |
| 28:05 | Create | Villager (Male) |
| 28:17 | Build | Mill |
| 28:33 | Create | Villager (Male) |
| 28:34 | Create | Villager (Male) |
| 28:50 | Build | Farm |
| 28:56 | Build | Farm |
| 29:29 | Create | Huskarl |
| 29:37 | Build | Mill |
| 30:18 | Create | Huskarl |
| 30:26 | Create | Villager (Male) |
| 30:27 | Create | Villager (Male) |
| 30:47 | Create | Huskarl |
| 32:22 | Create | Villager (Male) |
| 32:22 | Create | Villager (Male) |
| 32:22 | Create | Villager (Male) |
| 32:22 | Create | Villager (Male) |
| 32:23 | Create | Villager (Male) |
| 32:23 | Create | Villager (Male) |
| 32:23 | Create | Villager (Male) |
| 32:23 | Create | Villager (Male) |
| 32:24 | Create | Villager (Male) |
| 33:34 | Build | Blacksmith |
| 34:51 | Research | Hand Cart |
| 35:42 | Create | Huskarl |
| 35:42 | Create | Huskarl |
| 35:42 | Create | Huskarl |
| 36:24 | Build | House |
| 36:27 | Build | House |
| 36:28 | Build | House |
| 36:30 | Build | House |
| 36:31 | Build | House |
| 36:32 | Build | House |
| 36:36 | Build | Barracks |
| 36:40 | Build | Barracks |
| 36:43 | Build | Barracks |
| 36:44 | Build | Barracks |
| 37:11 | Build | Farm |
| 37:52 | Create | Huskarl |
| 37:52 | Create | Huskarl |
| 38:23 | Build | Mill |
| 40:11 | Build | Lumber Camp |
| 41:04 | Build | Market |
| 42:02 | Create | Huskarl |
| 42:02 | Create | Huskarl |
| 42:03 | Create | Huskarl |
| 42:03 | Create | Huskarl |
| 42:03 | Create | Huskarl |
| 42:03 | Create | Huskarl |
| 42:04 | Create | Huskarl |
| 42:04 | Create | Huskarl |
| 42:37 | Create | Villager (Male) |
| 42:38 | Create | Villager (Male) |
| 44:44 | Build | Farm |
| 44:44 | Build | Farm |
| 44:45 | Build | Farm |
| 45:21 | Build | Mining Camp |
| 46:21 | Build | Mining Camp |
| 47:06 | Research | Scale Mail Armor |
| 48:23 | Build | Town Center |
| 49:22 | Build | Town Center |
| 49:30 | Build | Farm |
| 49:35 | Create | Spearman |
| 49:35 | Create | Spearman |
| 49:36 | Create | Spearman |
| 50:02 | Create | Huskarl |
| 50:02 | Create | Huskarl |
| 50:02 | Create | Huskarl |
| 50:03 | Create | Huskarl |
| 50:03 | Create | Huskarl |
| 51:05 | Build | Farm |
| 51:12 | Build | Farm |
| 51:18 | Build | Farm |
Match timeline
| 9:18 | KİMKİ60 · first_building Barracks |
| 9:37 | Wildpokerman · first_building Barracks |
| 11:38 | Wildpokerman · age_up feudal |
| 11:39 | KİMKİ60 · age_up feudal |
| 14:21 | KİMKİ60 · first_building Archery Range |
| 20:17 | Wildpokerman · age_up castle |
| 22:34 | Wildpokerman · first_building Castle |
| 24:01 | KİMKİ60 · first_building Stable |
| 31:34 | KİMKİ60 · age_up castle |
| 31:50 | KİMKİ60 · first_building Castle |
| 41:52 | Wildpokerman · first_market_sell 100 wood |
| 49:52 | Wildpokerman · first_market_buy 100 food |
| 57:39 | KİMKİ60 · first_building Siege Workshop |
| 59:37 | Wildpokerman · first_building Monastery |
| 73:25 | Wildpokerman · age_up imperial |
| 85:01 | KİMKİ60 · first_market_sell 100 food |
| 87:30 | KİMKİ60 · resign |
[ AI ANALYSIS · 1 CREDIT ]
What really happened in this match?
Wolo.gg analyzes every decision: build order, eco, micro, common mistakes by bracket. Personalized analysis on WhatsApp or Discord in 30 seconds.
Civ guide
Italians
Map guide
Border Dispute
Perfil
KİMKİ60